 Dungeon Crawl Stone Soup version 0.20-a0-526-g753eaab (webtiles) character file.

17076 Duffy the Grappler (level 12, -17/107 (108) HPs)
             Began as a Minotaur Monk on Jan 26, 2017.
             Was a High Priest of Cheibriados.
             Killed from afar by a molten gargoyle (21 damage)
             ... with a bolt of magma
             ... in a volcano.
             The game lasted 00:10:21 (12015 turns).

Duffy the Grappler (Minotaur Monk)                 Turns: 12015, Time: 00:10:22

HP:   -17/107 (108) AC: 22    Str: 34    XL:     12   Next: 15%
MP:   11/11         EV: 17    Int: 21    God:    Cheibriados [*****.]
Gold: 682           SH:  0    Dex: 28    Spells: 11/11 levels left

rFire    . . .     SeeInvis .     - Unarmed
rCold    . . .     Gourm    .   E - +0 plate armour
rNeg     . . .     Faith    .   (no shield)
rPois    +         Spirit   .   (helmet restricted)
rElec    .         Reflect  .   J - +0 cloak
rCorr    .         Harm     +   B - +0 pair of gloves
MR       .....                  k - +0 pair of boots
Stlth    ..........             e - amulet of harm
Regen    0.3/turn               K - +3 ring of protection
                                P - ring of poison resistance

@: very slow
A: retaliatory headbutt, horns 2
a: Bend Time, Temporal Distortion, Slouch, Step From Time, Renounce Religion


You were in a volcano.
You worshipped Cheibriados.
Cheibriados was extremely pleased with you.
You were hungry.

You visited 3 branches of the dungeon, and saw 13 of its levels.
You also visited: Volcano.

You collected 682 gold pieces.

Inventory:

Hand Weapons
 t - a +0 blowgun
Missiles
 n - 6 throwing nets (quivered)
 u - 4 curare-tipped needles
Armour
 k - a +0 pair of boots (worn)
 B - a +0 pair of gloves (worn)
 E - a +0 plate armour (worn)
 J - a +0 cloak (worn)
Jewellery
 e - an amulet of harm (around neck)
 j - an uncursed ring of see invisible
 K - a +3 ring of protection (right hand)
 P - a ring of poison resistance (left hand)
 S - a +2 ring of strength
Wands
 l - a wand of scattershot (2/9)
 x - a wand of acid (10/15)
 C - a wand of disintegration (7/24)
 D - a wand of digging (10/24)
 G - a wand of confusion (23/48)
Scrolls
 a - a scroll of noise {unknown}
 d - 3 scrolls of amnesia {unknown}
 f - 12 scrolls of remove curse {unknown}
 m - 11 scrolls of identify {unknown}
 o - a scroll of fear {unknown}
 s - a scroll of fog {unknown}
 v - 2 scrolls of random uselessness {unknown}
 w - a scroll of recharging {unknown}
 y - 4 scrolls of enchant armour {unknown}
 A - 4 scrolls of immolation {unknown}
 I - 4 scrolls of blinking {unknown}
 N - 2 scrolls of teleportation {unknown}
 O - a scroll of enchant weapon {unknown}
Potions
 c - 3 potions of heal wounds {unknown}
 h - a potion of resistance {unknown}
 i - 9 potions of curing {unknown}
 p - a potion of beneficial mutation {unknown}
 r - 3 potions of flight {unknown}
 F - 2 potions of agility {unknown}
 H - a potion of ambrosia {unknown}
 L - 2 potions of lignification {unknown}
 M - a potion of berserk rage {unknown}
 Q - a potion of mutation {unknown}
 R - a potion of magic {unknown}
 T - a potion of might {unknown}
 U - a potion of brilliance {unknown}
Comestibles
 b - 8 bread rations
 g - 16 fruits
 q - 6 royal jellies
 z - 7 meat rations


   Skills:
 + Level 10.8 Fighting
 + Level 10.3 Armour
 + Level 10.0 Dodging
 - Level 1.5 Stealth
 * Level 14.4 Unarmed Combat


You had 11 spell levels left.
You didn't know any spells.

Dungeon Overview and Level Annotations

Branches:
Dungeon (11/15)            Temple (1/1) D:7            Lair (1/6) D:11
    Orc (0/2) D:11

Altars:
Ashenzari
Cheibriados
Dithmenos
Elyvilon
Fedhas
Gozag
Hepliaklqana
Kikubaaqudgha
Makhleb
Nemelex Xobeh
Okawaru
Qazlal
Ru
Sif Muna
Trog
Uskayaw
Vehumet
Xom
Yredelemnul
Zin
The Shining One
Beogh

Shops:
D:5 }   D:8 }   D:9 %   D:11 %


Innate Abilities, Weirdness & Mutations

You reflexively headbutt those who attack you in melee.
You have a pair of horns on your head.


Message History

Why would you want to do that? Why would you want to do that?
The lindwurm breathes flames at you. The blast of flame misses you.
The lindwurm breathes flames at you. The blast of flame misses you.
The lindwurm breathes flames at you. The blast of flame hits you!
The lindwurm breathes flames at you. The blast of flame hits you!
You open the door. The lindwurm breathes flames at you.
The blast of flame hits you!
A molten gargoyle and an earth elemental come into view.
The lindwurm breathes flames at you. The blast of flame hits you!
There is an open door here.
The molten gargoyle blasts magma at you!
The bolt of magma hits you!
You die...

##.# ##... #.... ...~.
..~~~ E~~0~
##############~~00
##.'##~~~~~#'.##~##
#E@#.~~k~~..#).####
#.....9##..~k.~..##.....
#.....# #..~~~~..###....
##...# ##..~~..## ##...
##.# #..~~..# ##.# ##
##....## ### #....#
##..## ####


You could see an earth elemental and a molten gargoyle.

Vanquished Creatures
  Snorg (D:11)
  Harold (Lair:1)
  3 two-headed ogres
  Erica (D:8)
  Pikel (D:5)
  A cyclops (D:11)
  A toenail golem (Volcano)
  A black mamba (Lair:1)
  2 molten gargoyles (Volcano)
  Maurice (D:8)
  Joseph (D:8)
  A centaur zombie (D:10)
  A rime drake (Lair:1)
  A komodo dragon (Lair:1)
  An efreet (Volcano)
  2 trolls
  A hippogriff (Lair:1)
  3 fire elementals (Volcano)
  A wraith (D:11)
  17 yaks
  A vampire (D:10)
  A water moccasin (Lair:1)
  2 porcupines (Lair:1)
  Duvessa (D:7)
  5 orc warriors
  3 sky beasts
  2 ice beasts
  2 phantoms
  A necrophage (D:5)
  4 ogres
  4 centaurs
  2 big kobolds
  An earth elemental (Volcano)
  6 bullfrogs
  A gnoll sergeant (D:9)
  Dowan (D:7)
  3 scorpions (D:9)
  10 killer bees
  4 wights
  4 howler monkeys
  3 crimson imps
  A bullfrog zombie (D:9)
  3 hounds
  5 jellies
  5 orc priests
  3 centaur skeletons
  6 orc wizards
  A bullfrog skeleton (D:4)
  3 iguanas
  9 worker ants
  A killer bee zombie (D:10)
  2 hound skeletons (D:11)
  Robin (D:2)
  4 gnolls
  20 adders
  A howler monkey skeleton (D:5)
  2 shadow imps
  2 oozes
  2 adder skeletons
  4 worms
  6 dart slugs
  4 leopard geckos
  49 orcs
  2 giant cockroaches
  13 hobgoblins
  7 jackals
  4 quokkas
  2 ball pythons
  8 bats
  6 frilled lizards
  9 goblins
  A jackal skeleton (D:6)
  11 kobolds
  2 quokka skeletons
  14 rats
316 creatures vanquished.

Vanquished Creatures (others)
  A plant (Lair:1)
1 creature vanquished.

Grand Total: 317 creatures vanquished

Notes
Turn   | Place    | Note
-------+----------+-------------------------------------------
     0 | D:1      | Duffy the Minotaur Monk began the quest for the Orb.
     0 | D:1      | Reached XP level 1. HP: 19/19 MP: 0/0
   345 | D:1      | Reached skill level 4 in Unarmed Combat
   345 | D:1      | Reached XP level 2. HP: 20/26 MP: 1/1
  1152 | D:2      | Found a glowing silver altar of Zin.
  1157 | D:2      | Reached XP level 3. HP: 30/31 MP: 2/2
  1228 | D:2      | Noticed Robin
  1247 | D:2      | Killed Robin
  1247 | D:2      | Reached skill level 5 in Unarmed Combat
  1550 | D:2      | Reached XP level 4. HP: 33/39 MP: 3/3
  2185 | D:3      | Reached skill level 6 in Unarmed Combat
  2291 | D:3      | Reached XP level 5. HP: 45/45 MP: 4/4
  2815 | D:3      | Reached skill level 7 in Unarmed Combat
  3358 | D:4      | Reached XP level 6. HP: 47/52 MP: 5/5
  3458 | D:4      | Reached skill level 1 in Armour
  4005 | D:4      | Reached skill level 8 in Unarmed Combat
  4143 | D:4      | Noticed a moth of wrath
  4146 | D:4      | Found a bloodstained altar of Trog.
  4180 | D:4      | Reached XP level 7. HP: 58/59 MP: 6/6
  4375 | D:5      | Entered Level 5 of the Dungeon
  4657 | D:5      | Found a hide-covered altar of Uskayaw.
  4658 | D:5      | Noticed a hand axe
  4658 | D:5      | Noticed a dagger
  4786 | D:5      | Found Jyuneceg's Gadget Shop.
  4839 | D:5      | Noticed Pikel
  4880 | D:5      | Killed Pikel
  4880 | D:5      | Reached skill level 5 in Fighting
  4880 | D:5      | Reached skill level 9 in Unarmed Combat
  4880 | D:5      | Reached XP level 8. HP: 30/68 MP: 7/7
  5466 | D:6      | Reached skill level 5 in Dodging
  5517 | D:6      | Found a shattered altar of Ashenzari.
  5991 | D:6      | Found an iron altar of Okawaru.
  6176 | D:7      | Noticed Duvessa
  6177 | D:7      | Noticed Dowan
  6182 | D:7      | Killed Duvessa
  6184 | D:7      | Killed Dowan
  6272 | D:7      | Reached skill level 10 in Unarmed Combat
  6433 | D:7      | Reached skill level 5 in Armour
  6655 | D:7      | Reached XP level 9. HP: 74/77 MP: 8/8
  7100 | D:7      | Found a staircase to the Ecumenical Temple.
  7113 | Temple   | Entered the Ecumenical Temple
  7138 | Temple   | Became a worshipper of Cheibriados the Contemplative
  7138 | Temple   | Reached * piety under Cheibriados
  7138 | Temple   | Reached ** piety under Cheibriados
  7235 | D:8      | Found a hazy altar of Hepliaklqana.
  7268 | D:8      | Found Xustac's Gadget Boutique.
  7274 | D:8      | Found a shimmering altar of Xom.
  7322 | D:8      | Noticed Maurice
  7333 | D:8      | Killed Maurice
  7813 | D:8      | Reached skill level 11 in Unarmed Combat
  7849 | D:8      | Noticed Erica
  7855 | D:8      | Killed Erica
  7907 | D:8      | Noticed Joseph
  7919 | D:8      | Killed Joseph
  7919 | D:8      | Reached XP level 10. HP: 72/87 MP: 9/9
  8241 | D:9      | Noticed a two-headed ogre
  8246 | D:9      | Killed a two-headed ogre
  8249 | D:9      | Noticed a two-headed ogre
  8258 | D:8      | Killed a two-headed ogre
  8258 | D:8      | Reached skill level 12 in Unarmed Combat
  8623 | D:9      | Noticed a two-headed ogre
  8629 | D:9      | Killed a two-headed ogre
  8759 | D:9      | Reached *** piety under Cheibriados
  9026 | D:9      | Found Maxkagych's Food Boutique.
  9047 | D:9      | Reached XP level 11. HP: 96/96 MP: 10/10
  9052 | D:9      | Reached skill level 13 in Unarmed Combat
  9454 | D:9      | Found an opulent altar of Gozag.
  9467 | D:10     | Entered Level 10 of the Dungeon
  9850 | D:10     | Reached **** piety under Cheibriados
 10090 | D:10     | Reached skill level 10 in Fighting
 10538 | D:11     | Noticed Snorg
 10545 | D:11     | Killed Snorg
 10545 | D:11     | Reached ***** piety under Cheibriados
 10741 | D:11     | Found a staircase to the Lair.
 10796 | D:11     | Found a roughly hewn altar of Beogh.
 10796 | D:11     | Found a staircase to the Orcish Mines.
 11351 | D:11     | Found Voppueme's Food Boutique.
 11715 | Lair:1   | Entered Level 1 of the Lair of Beasts
 11783 | Lair:1   | Noticed Harold
 11792 | Lair:1   | Reached skill level 14 in Unarmed Combat
 11807 | Lair:1   | Killed Harold
 11854 | Lair:1   | Reached skill level 10 in Armour
 11927 | Lair:1   | Reached XP level 12. HP: 107/107 MP: 11/11
 11951 | Lair:1   | Found a dark tunnel.
 11961 | Volcano  | Entered a volcano
 11993 | Volcano  | Reached skill level 10 in Dodging
 12014 | Volcano  | HP: 4/107 [lindwurm/blast of flame (39)]
 12015 | Volcano  | Killed from afar by a molten gargoyle

Vault maps used:
D:1:      saegor_arrival_under_anarchy
D:2:      kennysheep_big_flooded_room, overflow_temple_1_default, first_bread,
          uniq_robin
D:4:      tgw_trog
D:5:      dancing_weapons_uskayaw, serial_shops, nicolae_shop_statue_plus,
          minmay_misc_feat_pillars, uniq_pikel
D:6:      lemuel_crystal_altar, okawaru_trees_1
D:7:      minmay_temple_entry_fiery, grunt_ogre_cave, uniq_duvessa
D:8:      kennysheep_blocky_hall, nicolae_overflow_hidden_temple, serial_shops,
          nicolae_shop_trees, serial_co_window_serial, co_window_paths_b,
          co_window_paths_a, co_window_paths_a, co_window_of_opportunity_a,
          co_window_of_opportunity_a, co_window_broadway_c,
          co_window_unsneaky_path_e, co_window_broadway_a, co_window_4corner_a,
          co_window_4corner_b, glass_columns_a, glass_columns_a,
          glass_columns_c, glass_columns_c, glass_columns_b, xom_teletrap_fun,
          uniq_erica, uniq_maurice, uniq_joseph
D:9:      kennysheep_mini_moat, serial_shops, nicolae_shop_stone
D:10:     kennysheep_ambush_hall
D:11:     lair_entry_dummy, david_orc_5, serial_shops, nicolae_shop_stone,
          minivault_22, uniq_snorg
Temple:   minmay_freezing_vapour_temple
Lair:1:   nicolae_volcano_entry_hallway, lemuel_fruit_fields, uniq_harold
Volcano:  volcano_aerie

Skill      XL: |  1  2  3  4  5  6  7  8  9 10 11 12 |
---------------+-------------------------------------+-----
Unarmed Combat | 4 5 6 7 8 9 10 11 12 14 | 14.4
Fighting       | 4 5 6 8 9 10 | 10.8
Armour         | 1 3 5 6 8 10 | 10.3
Dodging        | 4 5 7 8 9 10 | 10.0
Stealth        | |  1.5

Action                   |  1- 3 |  4- 6 |  7- 9 | 10-12 || total
-------------------------+-------+-------+-------+-------++-------
Melee: Unarmed           |    87 |   160 |   195 |   291 ||   733
       Headbutt          |    16 |    27 |    37 |    85 ||   165
       Punch             |     2 |     3 |     6 |    24 ||    35
 Fire: Blowgun           |       |       |       |     1 ||     1
 Stab: Sleeping          |     2 |     1 |       |       ||     3
  Eat: Chunk             |     2 |     8 |     2 |     6 ||    18
       Bread ration      |       |       |     2 |       ||     2
Armor: Robe              |    19 |     4 |       |       ||    23
       Ring mail         |       |    67 |    16 |       ||    83
       Plate armour      |       |       |    58 |   127 ||   185
Dodge: Dodged            |    56 |   114 |    77 |   226 ||   473
